 Dungeon Crawl Stone Soup version 0.29.1-4-g47bece8355 (webtiles) character file.

Game seed: 4766497523422621669

276 ChadusMaximus the Caller (level 6, -1/32 HPs)
             Began as a Deep Elf Summoner on Dec 5, 2022.
             Slain by a killer bee (7 damage)
             ... on level 4 of the Dungeon.
             The game lasted 00:06:57 (5845 turns).

ChadusMaximus the Caller (Deep Elf Summoner)        Turns: 5845, Time: 00:06:57

Health: -1/32      AC:  6    Str:  5    XL:     6   Next: 4%
Magic:  10/15      EV: 13    Int: 22    God:
Gold:   204        SH:  0    Dex: 15    Spells: 8/14 levels left

rFire   . . .      SeeInvis .   m - +0 spear
rCold   . . .      Faith    .   (no shield)
rNeg    . . .      Spirit   .   a - +0 robe
rPois   .          Reflect  .   (no helmet)
rElec   .          Harm     .   d - +0 cloak
rCorr   .          Rampage  .   q - +2 pair of gloves
Will    .....                   (no boots)
Stlth   +++.......              (no amulet)
HPRegen 0.10/turn               (no ring)
MPRegen 0.14/turn               (no ring)

@: no status effects
A: no striking features
a: no special abilities


You were on level 4 of the Dungeon.
You visited 1 branch of the dungeon, and saw 4 of its levels.

You collected 204 gold pieces.

Inventory:

Hand Weapons
 m - a +0 spear (weapon)
Armour
 a - a +0 robe (worn)
 d - a +0 cloak (worn)
 q - a +2 pair of gloves (worn)
Wands
 l - a wand of charming (10)
Scrolls
 c - 4 scrolls of identify {unknown}
 f - a scroll of immolation {unknown}
 g - a scroll of poison {unknown}
 h - 2 scrolls of fear {unknown}
 k - a scroll of summoning {unknown}
 n - 2 scrolls of enchant armour {unknown}
 o - 2 scrolls of blinking {unknown}
 p - a scroll of acquirement {unknown}
 r - 2 scrolls of teleportation {unknown}
 u - 2 scrolls of enchant weapon {unknown}
Potions
 b - a potion of magic
 e - a potion of heal wounds {unknown}
 i - a potion of brilliance {unknown}
 j - 2 potions of lignification {unknown}
 s - a potion of invisibility {unknown}
 t - a potion of flight {unknown}
 v - a potion of degeneration {unknown}


   Skills:
 + Level 4.2 Dodging
 - Level 4.6 Stealth
 + Level 4.9 Spellcasting
 * Level 5.5 Summonings


You had 8 spell levels left.
You knew the following spells:

 Your Spells              Type           Power      Damage    Failure   Level
a - Summon Small Mammal   Summ           100%       N/A       1%          1
b - Call Canine Familiar  Summ           29%        N/A       3%          3
c - Call Imp              Summ           29%        N/A       1%          2

Your spell library contained the following spells:

 Spells                   Type           Power      Damage    Failure   Level
 Summon Guardian Golem    Hex/Summ       17%        N/A       10%         3
 Summon Lightning Spire   Summ/Air       17%        N/A       32%         4
 Petrify                  Tmut/Erth      5%         N/A       71%         4
 Metabolic Englaciation   Hex/Ice        2%         N/A       96%         5
 Statue Form              Tmut/Erth      3%         N/A       100%        6


Dungeon Overview and Level Annotations

Branches:
Dungeon (4/15)
 Temple: D:4-7

Altars:
Trog
The Shining One


Message History

Your crimson imp disappears in a puff of smoke!
You swap places.
The killer bee barely misses your hound.
The killer bee barely misses you.
Your hound closely misses the killer bee.
The killer bee stings you.
You are poisoned.
The killer bee poisons you!
The killer bee barely misses your hound.
You feel sick.
Your hound misses the killer bee. The killer bee stings your hound.
Your hound bites the killer bee.
The killer bee stings your hound. The killer bee barely misses you.
You feel sick.
Your hound bites the killer bee.
You feel sick. Something completely misses your hound.
Your hound barely misses the killer bee.
Something stings your hound.
Your hound is poisoned.
Something poisons your hound!
The killer bee closely misses your hound.
The killer bee closely misses you.
You feel sick. Something stings your hound.
Your hound dies!
Your hound's corpse disappears in a puff of smoke!
The killer bee stings you!
You feel sick. The killer bee completely misses you.
The killer bee attacks as you move away!
The killer bee closely misses you.
You feel sick. The killer bee barely misses you.
You feel sick.
You are no longer poisoned.
The killer bee attacks as you move away!
The killer bee barely misses you. The killer bee stings you.
The killer bee attacks as you move away!
The killer bee barely misses you. The killer bee stings you.
* * * LOW HITPOINT WARNING * * *
The killer bee stings you.
* * * LOW HITPOINT WARNING * * *
The killer bee stings you!
You die...

.# #..........####..#.######
.# #..........# ##.#h.....# .#
#..........# #.....##.# ##
#######'#..#######.####.# #
#.#.....##...# #.# #
###.#...####.#.####.#
##########...#...# #........#
.........#.###.#.####...######
..##.......#.#.#@.......#
#....#...#...#.#yy......#
#.#..#.###.#...#y######.#
#.#........###..y..####.###
#.#........# #.#y#.##.....#
#.#...###.## #.#.#......#.#
#.#.....#.# #.#y####.###.###
#.#...#.#.####.#............#
#.#####.#.....5#..........#)#


You could see 6 killer bees.

Vanquished Creatures
  2 adders
  A worm (D:4)
  An orc (D:4)
  A bat (D:3)
  2 endoplasms
  2 giant cockroaches (D:2)
  2 hobgoblins
  2 quokkas
  2 ball pythons (D:2)
  2 frilled lizards
  4 goblins
  2 kobolds
  A rat (D:3)
24 creatures vanquished.

Vanquished Creatures (collateral kills)
  A centaur (D:4)
  A hound (D:4)
  Ijyb (D:4)
  4 adders
  A worm (D:2)
  2 dart slugs
  An orc (D:3)
  3 endoplasms
  4 giant cockroaches
  2 goblins (D:1)
  3 hobgoblins (D:1)
  4 jackals (D:2)
  3 quokkas
  4 ball pythons
  2 bats (D:1)
  5 frilled lizards
  6 kobolds
  3 rats
50 creatures vanquished.

Grand Total: 74 creatures vanquished

Notes
Turn   | Place    | Note
-------+----------+-------------------------------------------
     0 | D:1      | ChadusMaximus the Deep Elf Summoner began the quest for the
                  | Orb.
     0 | D:1      | Reached XP level 1. HP: 10/10 MP: 6/6
   918 | D:1      | Reached XP level 2. HP: 15/15 MP: 5/8
  1813 | D:1      | Reached XP level 3. HP: 19/19 MP: 8/10
  2023 | D:2      | Learned a level 3 spell: Call Canine Familiar
  2026 | D:2      | Learned a level 2 spell: Call Imp
  2922 | D:2      | Found a faded altar of an unknown god.
  3398 | D:3      | Reached XP level 4. HP: 24/24 MP: 11/11
  3459 | D:3      | Found a glowing golden altar of the Shining One.
  3493 | D:3      | Found a bloodstained altar of Trog.
  3712 | D:3      | Reached skill level 5 in Summonings
  4181 | D:4      | Noticed Ijyb
  4441 | D:4      | Reached XP level 5. HP: 22/28 MP: 13/13
  4800 | D:4      | Killed Ijyb
  5684 | D:4      | Noticed a centaur
  5699 | D:4      | Killed a centaur
  5700 | D:4      | Reached XP level 6. HP: 28/32 MP: 7/15
  5845 | D:4      | Slain by a killer bee

Illustrated notes

Levels and vault maps discovered:
D:1:      dpeg_arrival_oval, layout_basic
D:2:      layout_loops_ring, dilly_ecumenical_altar_fadedgnrine
D:3:      layout_loops_ring, amcnicky_altar_gilded, nicolae_tso_carved_into_rock
D:4:      layout_basic, uniq_ijyb

Skill      XL: |  1  2  3  4  5 |
---------------+----------------+-----
Stealth        | 3 4 |  4.6
Dodging        | 3 4 |  4.2
Spellcasting   | 4 |  4.9
Summonings     | 5 |  5.5

Action                   |  1- 3 |  4- 6 || total
-------------------------+-------+-------++-------
Melee: Unarmed           |    24 |       ||    24
       Spear             |    28 |   101 ||   129
 Cast: Summon Small Mamm |    55 |    15 ||    70
       Call Canine Famil |     4 |    13 ||    17
       Call Imp          |     1 |     2 ||     3
  Use: Potion            |       |     3 ||     3
 Stab: Sleeping          |     4 |     5 ||     9
       Distracted        |       |     2 ||     2
Armor: Robe              |    12 |    43 ||    55
Dodge: Dodged            |    53 |    87 ||   140
